 Dungeon Crawl Stone Soup version 0.19-a0-1013-g40768a3 (webtiles) character file.

242 HAL9000 the Cudgeler (level 6, -1/67 HPs)
             Began as an Ogre Berserker on July 24, 2016.
             Was a Believer of Trog.
             Slain by an adder (3 damage)
             ... on level 3 of the Dungeon.
             The game lasted 00:02:54 (2767 turns).

HAL9000 the Cudgeler (Ogre Berserker)               Turns: 2767, Time: 00:02:56

Health: -1/67      AC:  4    Str: 24    XL:     6   Next: 9%
Magic:  6/6        EV: 10    Int:  6    God:    Trog [**....]
Gold:   86         SH:  0    Dex: 10    Spells: 0 memorised, 5 levels left

rFire  + . .     SeeInvis .     a - +0 mace
rCold  . . .     Gourm    +     v - +1 robe {rF+}
rNeg   + . .     Faith    .     (no shield)
rPois  .         Spirit   .     (helmet restricted)
rElec  .         Dismiss  .     (no cloak)
rCorr  .         Reflect  .     (gloves unavailable)
SustAt .         Harm     .     (boots unavailable)
MR     ++...                    f - amulet of the gourmand
Stlth  +.........               (no ring)
                                q - ring of positive energy

@: lethally poisoned (-1 -> -2), regenerating, very resistant to hostile
enchantments, very unstealthy
A: unfitting armour, tough skin 1
a: Berserk, Trog's Hand, Burn Spellbooks, Renounce Religion


You were on level 3 of the Dungeon.
You worshipped Trog.
Trog was pleased with you.
You were completely stuffed.

You visited 1 branch of the dungeon, and saw 3 of its levels.

You collected 86 gold pieces.

Inventory:

Hand Weapons
 a - a +0 mace (weapon)
Missiles
 n - 4 large rocks
 o - 4 javelins (quivered)
Armour
 v - a +1 robe of fire resistance (worn)
Jewellery
 f - an amulet of the gourmand (around neck)
 q - a ring of positive energy (left hand)
Scrolls
 d - 2 scrolls of fog {unknown}
 h - 2 scrolls of teleportation {unknown}
 k - 2 scrolls of amnesia {unknown}
 l - 2 scrolls of remove curse {unknown}
 r - a scroll of identify {unknown}
Potions
 e - 2 potions of magic {unknown}
 j - a potion of degeneration {unknown}
 s - a potion of curing {unknown}
 t - a potion of lignification {unknown}
 w - a potion of brilliance {unknown}
Comestibles
 c - 2 bread rations
 g - a slice of pizza
 i - 4 meat rations
 x - 3 chunks of flesh


   Skills:
 + Level 5.8 Fighting
 * Level 7.5 Maces & Flails
 - Level 2.6 Dodging


You had 5 spell levels left.
You didn't know any spells.

Dungeon Overview and Level Annotations

Branches:
Dungeon (3/15)

Altars:
Cheibriados


Innate Abilities, Weirdness & Mutations

You are too large for most types of armour.
You have tough skin. (AC +1)


Message History

* * * LOW HITPOINT WARNING * * *
The adder barely misses you.
You closely miss the adder.
The adder is severely wounded.
The adder bites you.
* * * LOW HITPOINT WARNING * * *
You are poisoned.
The adder poisons you!
You hit the adder but do no damage.
The adder is severely wounded.
You feel sick. The adder bites you.
* * * LOW HITPOINT WARNING * * *
Unknown command.
Your skin crawls.
You feel resistant to hostile enchantments.
You feel somewhat less full. The adder bites you.
* * * LOW HITPOINT WARNING * * *
You are more poisoned.
The adder poisons you! The adder bites you.
You die...

#.# .. #########.###.#
#.............#
#.######.<....# #
#.......##.###.# .
#.####..#......... .
#..###........... .
###.##..#..###.###.#
##....@........#.##.
##..##S............ ##
#..##..#####...... #.
#..##.÷##........# #.
#..##.(÷.......#.# #.
#.#####..###.##.##.###.# #.
#...........(##.##.###.###.
######.#.##.##..........>.
#.....#.##.##.######.##..


You could see an adder.

Vanquished Creatures
  An orc wizard (D:3)
  Jessica (D:3)
  Natasha (thrice) (D:3)
  6 adders
  4 dart slugs
  A giant gecko (D:1)
  5 orcs (D:3)
  A ball python (D:3)
  2 giant cockroaches
  4 goblins
  7 hobgoblins
  A quokka (D:3)
  7 bats
  4 giant newts
  4 kobolds
  A rat (D:1)
52 creatures vanquished.

Notes
Turn   | Place    | Note
-------+----------+-------------------------------------------
     0 | D:1      | HAL9000 the Ogre Berserker began the quest for the Orb.
     0 | D:1      | Reached XP level 1. HP: 24/24 MP: 1/1
   110 | D:1      | Reached XP level 2. HP: 28/32 MP: 2/2
   511 | D:1      | Reached ** piety under Trog
   522 | D:1      | Reached XP level 3. HP: 38/40 MP: 3/3
   524 | D:1      | Reached skill level 5 in Maces & Flails
   937 | D:2      | Found a snail-covered altar of Cheibriados.
  1705 | D:2      | Reached skill level 5 in Fighting
  1705 | D:2      | Reached XP level 4. HP: 27/50 MP: 4/4
  2063 | D:3      | Reached skill level 6 in Maces & Flails
  2150 | D:3      | Reached XP level 5. HP: 22/57 MP: 5/5
  2414 | D:3      | Noticed Natasha
  2424 | D:3      | Killed Natasha
  2620 | D:3      | Noticed Jessica
  2624 | D:3      | Killed Jessica
  2624 | D:3      | Reached skill level 7 in Maces & Flails
  2702 | D:3      | Noticed Natasha
  2715 | D:3      | Killed Natasha
  2741 | D:3      | Noticed Natasha
  2749 | D:3      | Killed Natasha
  2749 | D:3      | Reached XP level 6. HP: 11/67 MP: 6/6
  2767 | D:3      | HP: 2/67 [adder (4)]
  2767 | D:3      | Slain by an adder

Vault maps used:
D:1:      minmay_arrival_four_circles
D:2:      kennysheep_slug_shrine, first_bread
D:3:      lemuel_doored_altar, gammafunk_temple_overflow_pools, uniq_jessica,
          uniq_natasha

Skill      XL: |  1  2  3  4  5 |
---------------+----------------+-----
Maces & Flails | 5 6 7 |  7.5
Fighting       | 5 |  5.8
Dodging        | |  2.6

Action                   |  1- 3 |  4- 6 || total
-------------------------+-------+-------++-------
Melee: Mace              |   107 |    78 ||   185
Throw: Javelin           |       |     4 ||     4
Invok: Berserk           |       |     1 ||     1
       Trog's Hand       |       |     1 ||     1
 Stab: Sleeping          |       |     1 ||     1
  Eat: Chunk             |     9 |    10 ||    19
Armor: Animal skin       |    26 |     7 ||    33
       Robe              |       |     2 ||     2
Dodge: Dodged            |    59 |    40 ||    99
